 Dungeon Crawl Stone Soup version 0.30-a0-1157-g2cc9ac7196 (webtiles) character file.

Game seed: 8284342416125350122

14 PimpSugar the Magician (level 2, -5/22 HPs)
             Began as a Djinni Hedge Wizard on Apr 24, 2023.
             Killed by nerve-wracking pain
             ... invoked by Jessica
              (12 damage)
             ... on level 2 of the Dungeon.
             The game lasted 00:02:27 (1217 turns).

PimpSugar the Magician (Djinni Hedge Wizard)        Turns: 1217, Time: 00:02:28

Health: -5/22      AC:  2    Str:  9    XL:     2   Next: 60%
Gold:   38         EV: 12    Int: 15    God:
                   SH:  0    Dex: 12

rFire   + + .        a - +0 dagger
rCold   x . .        (no shield)
rNeg    . . .        b - +0 robe
rPois   ∞            c - +0 hat
rElec   .            (no cloak)
rCorr   .            (no gloves)
SInv    .            (boots unavailable)
Will    .....        (no amulet)
Stlth   ++           (no ring)
HPRegen 0.23/turn    (no ring)
MPRegen 0.00/turn

%: infuse magic (-6 HP)
@: flying
A: sickness immunity, fire resistance 2, cold vulnerability 1, float, innate
caster, HP casting, extra vitality 1
a: no special abilities


You were on level 2 of the Dungeon.
You visited 1 branch of the dungeon, and saw 2 of its levels.

You collected 38 gold pieces.

Inventory:

Hand Weapons
 a - a +0 dagger (weapon)
Missiles
 f - 9 stones
Armour
 b - a +0 robe (worn)
 c - a +0 hat (worn)
Scrolls
 d - a scroll of torment {unknown}
 e - a scroll of teleportation {unknown}
 i - a scroll of identify {unknown}
 j - a scroll of amnesia {unknown}
Potions
 g - 2 potions of degeneration {unknown}
 h - a potion of curing {unknown}


   Skills:
 + Level 0.6 Fighting
 + Level 2.4 Dodging
 + Level 1.8 Stealth
 * Level 2.6 Spellcasting


You knew the following spells:

 Your Spells              Type           Power      Damage    Failure   Level
a - Magic Dart            Conj           40%        1d5       7%          1
b - Call Imp              Summ           20%        N/A       11%         2
c - Mephitic Cloud        Conj/Pois/Air  10%        N/A       21%         3
d - Slow                  Hex            40%        N/A       7%          1
e - Blink                 Tloc           20%        N/A       11%         2
Your spell library was empty.

Dungeon Overview and Level Annotations

Branches:
Dungeon (2/15)

Altars:

Annotations:
D:2 Jessica, Natasha


Innate Abilities, Weirdness & Mutations

You are immune to sickness and miasma.
You are immune to poison.
Your flesh is very heat resistant. (rF++)
You are vulnerable to cold. (rC-)
You float through the air rather than walking.
You learn spells naturally, not from books.
Your magical power is your life essence.
You have superior vitality. (+4 MHP)


Message History

j - a scroll labelled GOQETT RUESS
Found 8 gold pieces.
Your cerulean imp closely misses Jessica.
Your cerulean imp hits Jessica with a -3 spear.
You see here 5 gold pieces.
Casting: Call Imp (safe; 11% risk of failure)
Confirm with . or Enter, or press ? or * to list all spells.
Okay, then.
Casting: Call Imp (safe; 11% risk of failure)
Confirm with . or Enter, or press ? or * to list all spells.
Aiming: Slow (safe; 7% risk of failure)
Press: ? - help, Shift-Dir - straight line, f - Jessica
Aim: Jessica, wielding a +0 dagger and wearing a +0 robe (moderately wounded, ally target, chance to affect: 52%) Jessica resists with significant effort.
Your cerulean imp closely misses Jessica.
Jessica gestures at you while chanting. Pain shoots through your body!
Casting: Slow (safe; 7% risk of failure)
Confirm with . or Enter, or press ? or * to list all spells.
Aiming: Slow (safe; 7% risk of failure)
Press: ? - help, Shift-Dir - straight line, f/p - Jessica
Aim: Jessica, wielding a +0 dagger and wearing a +0 robe (moderately wounded, ally target, chance to affect: 52%) Jessica resists with significant effort.
Your cerulean imp hits Jessica but does no damage.
Jessica casts a spell.
Jessica seems to speed up.
Jessica hits you with a +0 dagger. Jessica completely misses you.
Your cerulean imp hits Jessica but does no damage.
You barely miss Jessica.
Jessica is moderately wounded.
Jessica hits you with a +0 dagger.
Your cerulean imp hits Jessica with a -3 spear.
You closely miss Jessica.
Jessica is heavily wounded.
Jessica closely misses you.
Jessica looks very angry.
Jessica points at you and mumbles some strange words.
Pain shoots through your body!
Ouch! That really hurt!
You die...

..#.# #.#.
...8...8...
#.#.#.#.#.#
#....8...8
#.#.#.#.#
.######..8...8.
.$....>.#.#.#.#.#
........$..8...8.
#######.#@#.#.#.#
.......5@8...8...
#######.#.#.#.#.#
.......<...8...8
#.#.##.##.#.#.#.#
... .8...8...
#.... ..#.#.#.#
#.... .....####
>..... .#


You could see Jessica (fast, ally target) and a friendly cerulean imp
(summoned).

Vanquished Creatures
  2 ball pythons (D:1)
  A bat (D:1)
  2 hobgoblins (D:1)
  2 jackals (D:1)
  A frilled lizard (D:1)
  2 goblins (D:1)
  A rat (D:1)
11 creatures vanquished.

Vanquished Creatures (collateral kills)
  An endoplasm (D:1)
  A kobold (D:1)
2 creatures vanquished.

Grand Total: 13 creatures vanquished

Notes
Turn   | Place    | Note
-------+----------+-------------------------------------------
     0 | D:1      | PimpSugar the Djinni Hedge Wizard began the quest for the
                  | Orb.
     0 | D:1      | PimpSugar set off with the following spells memorised:
                  | Magic Dart, Slow, Blink, Call Imp, Mephitic Cloud.
     0 | D:1      | Reached XP level 1. HP: 15/15 MP: 0/0
   226 | D:1      | Reached XP level 2. HP: 11/22 MP: 0/0
   408 | D:1      | Found a faded altar of an unknown god.
  1011 | D:2      | Noticed Natasha
  1204 | D:2      | Noticed Jessica
  1217 | D:2      | Killed from afar by Jessica

Illustrated notes

Levels and vault maps discovered:
D:1:      shiori_arrival_elements, layout_loops_corners,
          ebering_ecumenical_altar_box
D:2:      layout_basic, kennysheep_crisscross, minmay_shallow_snake_nest,
          uniq_natasha, uniq_terence, uniq_jessica

Action                     || total
---------------------------++-------
  Melee: Dagger            ||     3
   Cast: Magic Dart        ||    31
         Slow              ||     5
         Call Imp          ||     5
 Armour: Robe              ||     8
  Dodge: Dodged            ||    22

Table legend: (Time is in decaauts)
 A = Elapsed time spent in this place.
 B = Non-inter-level travel time spent in this place.
 C = Inter-level travel time spent in this place.
 D = Time resting spent in this place.
 E = Time spent auto-exploring this place.
 F = Levels seen in this place.
 G = Mean time per level.
                   A        B        C        D        E       F      G
               +--------+--------+--------+--------+--------+-----+--------+
         Total |   1217 |   1072 |    145 |     85 |    793 |   2 |  608.5 |
       Dungeon |   1217 |   1072 |    145 |     85 |    793 |   2 |  608.5 |
               +--------+--------+--------+--------+--------+-----+--------+

Top non-repeatable levels by time:
     D:1: 1197 daAuts
     D:2: 19 daAuts
